AoeStats
← Axolot

Hill Fort

505789017Analyzed
3v3 RM · 21d ago on Sep 11, 2026· 49m 6s· 6 players
Game mode
Random Map
Map size
Normal (6 player)
Population
200
Speed
Normal
Resources
Standard
Victory
Conquest
Starting age
Dark Age
Ending age
Imperial Age
RankedLock teamsTeams togetherTeam positionsShared explorationLock speedFull tech treeHidden civsTurbo modeCheats
Victory
Defeat
🇧🇷 Saracens · Brazil
1436
+15
🇧🇷 Ethiopians · Brazil
1431
+15
🇧🇷 Persians · Brazil
1353
+18
🇦🇷 Dravidians · Argentina
1551
-23
🇺🇾 Byzantines · Uruguay
1391
-15
🇦🇷 Vikings · Argentina
1263
-10
Axolot
9:10 Feudal Age
10:11 Double-Bit Axe
10:45 Fishing Lines
12:08 Loom
21:13 Castle Age
22:17 Bow Saw
22:01 Gillnets
23:32 Gold Mining
23:51 Scale Mail Armor
24:02 Forging
28:56 Fletching
32:13 Imperial Age
30:25 Wheelbarrow
30:39 Bodkin Arrow
30:44 Padded Archer Armor
32:04 Medical Corps
32:16 Thumb Ring
32:38 Ballistics
33:24 Bracer
35:23 Chemistry
35:32 Leather Archer Armor
35:17 Elite Elephant Archer
38:02 Ring Archer Armor
38:01 Hand Cart
38:46 Chain Mail Armor
39:06 Iron Casting
40:13 Plate Mail Armor
40:06 Wootz Steel
41:24 Scale Barding Armor
44:21 Husbandry
43:43 Light Cavalry
46:29 Two-Man Saw
45:55 Pikeman
46:36 Squires
uku_
9:10 Loom
11:12 Feudal Age
13:23 Double-Bit Axe
14:54 Loom
17:38 Castle Age
16:25 Horse Collar
21:12 Town Watch
22:42 Gold Mining
27:27 Bow Saw
27:18 Heavy Plow
29:40 Stone Mining
30:26 Gold Shaft Mining
32:28 Imperial Age
30:54 Scale Mail Armor
31:04 Forging
32:57 Squires
32:42 Gambesons
32:43 Arson
33:15 Chain Mail Armor
33:35 Iron Casting
32:42 Capped Ram
34:21 Iron Casting
34:08 Conscription
35:06 Siege Ram
37:21 Blast Furnace
36:52 Plate Mail Armor
41:07 Elite Berserk
43:07 Two-Man Saw
42:38 Crop Rotation
42:48 Chieftains
44:05 Chemistry
42:46 Treadmill Crane
44:14 Sappers
45:32 Onager
48:25 Pikeman
[VA] Salvatore
10:44 Feudal Age
16:31 Castle Age
14:23 Loom
14:47 Double-Bit Axe
17:30 Fletching
17:35 Elite Skirmisher
19:13 Bodkin Arrow
20:02 Padded Archer Armor
32:15 Pikeman
36:31 Imperial Age
36:34 Scale Mail Armor
36:45 Forging
36:50 Halberdier
42:09 Chain Mail Armor
42:40 Squires
43:56 Bracer
47:28 Leather Archer Armor
TmZ_Mosquito Sedutor
10:29 Feudal Age
15:12 Castle Age
13:26 Double-Bit Axe
13:52 Horse Collar
15:48 Bow Saw
15:38 Loom
16:36 Heavy Plow
23:11 Gold Mining
23:34 Scale Barding Armor
23:42 Husbandry
24:43 Wheelbarrow
24:25 Bloodlines
26:08 Chain Barding Armor
26:07 Forging
28:18 Gold Shaft Mining
27:34 Stone Mining
28:50 Iron Casting
30:15 Hand Cart
29:46 Town Watch
34:59 Imperial Age
36:46 Plate Barding Armor
36:11 Cavalier
38:16 Stone Shaft Mining
39:10 Blast Furnace
37:53 Savar
40:12 Conscription
40:35 Town Patrol
41:01 Fletching
41:47 Hoardings
42:21 Bodkin Arrow
TmZ_Noda
9:04 Feudal Age
10:20 Double-Bit Axe
10:26 Gold Mining
12:28 Fletching
21:24 Castle Age
20:10 Padded Archer Armor
22:02 Bodkin Arrow
21:28 Crossbowman
23:26 Wheelbarrow
23:06 Town Watch
23:59 Leather Archer Armor
24:54 Horse Collar
26:08 Bow Saw
29:25 Ballistics
30:40 Heavy Plow
34:10 Hand Cart
40:42 Imperial Age
39:15 Thumb Ring
41:17 Elite Skirmisher
42:25 Loom
43:45 Two-Man Saw
45:27 Bracer
46:09 Stone Mining
46:18 Arbalester
48:33 Ring Archer Armor
49:36 Chemistry
49:27 Caravan
TmZ_Zanat
5:21 Loom
10:44 Feudal Age
17:40 Castle Age
16:03 Double-Bit Axe
16:18 Horse Collar
17:09 Gold Mining
17:47 Fletching
18:41 Bodkin Arrow
18:54 Crossbowman
22:08 Padded Archer Armor
24:56 Leather Archer Armor
25:02 Bow Saw
30:40 Thumb Ring
31:29 Town Watch
32:19 Wheelbarrow
32:25 Heavy Plow
35:35 Ballistics
35:57 Hand Cart
38:29 Town Patrol
41:43 Imperial Age
40:39 Gold Shaft Mining
39:55 Stone Mining
40:49 Scale Barding Armor
40:33 Elite Skirmisher
41:30 Forging
43:34 Chemistry
42:45 Masonry
42:54 Bracer
42:18 Arbalester
42:18 Elite Skirmisher
43:57 Ring Archer Armor
45:37 Chain Barding Armor
47:02 Bloodlines
46:53 Husbandry
46:14 Light Cavalry
48:38 Plate Barding Armor
48:52 Conscription
47:58 Hussar
Connection lost

Rejoining the realm…

Still unreachable

The connection could not be restored.

Session expired

The server has moved on; the page needs a fresh start.